 Dungeon Crawl Stone Soup version 0.21.0-24-g2553a33 (webtiles) character file.

11186 Mgcat the Cleaver (level 11, -1/84 HPs)
             Began as a Demonspawn Berserker on Jan 21, 2018.
             Was an Elder of Trog.
             Slain by an orc warrior
             ... wielding a +0 halberd
              (17 damage)
             ... on level 10 of the Dungeon.
             The game lasted 00:27:49 (11902 turns).

Mgcat the Cleaver (Demonspawn Berserker)           Turns: 11902, Time: 00:27:50

Health: -1/84      AC: 11    Str: 18    XL:     11   Next: 46%
Magic:  11/11      EV: 17    Int: 12    God:    Trog [****..]
Gold:   655        SH:  0    Dex: 23    Spells: 10/10 levels left

rFire    . . .     SeeInvis .   J - +0 hand axe (flame)
rCold    . . .     Gourm    .   (no shield)
rNeg     . . .     Faith    .   d - +0 ring mail
rPois    .         Spirit   .   (no helmet)
rElec    .         Reflect  .   (no cloak)
rCorr    .         Harm     .   l - +2 pair of gloves {Dex+3}
MR       +++..                  (no boots)
Stlth    ++........             G - amulet of rage
HPRegen  1.24/turn              C - +3 ring of intelligence
MPRegen  0.12/turn              F - ring of protection from magic

@: agile, berserk cooldown, regenerating, drained
A: claws 1, icy blue scales 1, foul stench 1, powered by pain 1, rot immunity
a: Berserk, Trog's Hand, Brothers in Arms, Burn Spellbooks, Renounce Religion,
Evoke Berserk Rage


You were on level 10 of the Dungeon.
You worshipped Trog.
Trog was greatly pleased with you.
You were near starving.

You visited 1 branch of the dungeon, and saw 10 of its levels.

You collected 655 gold pieces.

Inventory:

Hand Weapons
 a - a +0 hand axe
 y - a +0 whip of electrocution
 z - a +1 war axe
 J - a +0 hand axe of flaming (weapon)
Armour
 b - a +0 animal skin
 d - a +0 ring mail (worn)
 l - a +2 pair of gloves of dexterity (worn)
 q - a +0 plate armour
Jewellery
 C - a +3 ring of intelligence (left hand)
 F - a ring of protection from magic (right hand)
 G - an amulet of rage (around neck)
 K - an uncursed ring of ice
Wands
 k - a wand of random effects (46)
 s - a wand of flame (62)
 u - a wand of disintegration (28)
 v - a wand of polymorph (12)
 D - a wand of iceblast (11)
 E - a wand of paralysis (10)
Scrolls
 e - a scroll of noise
 f - 7 scrolls of identify
 g - 5 scrolls of teleportation
 i - 2 scrolls of random uselessness
 j - 3 scrolls of amnesia
 o - 2 scrolls of remove curse
 r - 3 scrolls of immolation
 t - a scroll of fog {unknown}
 H - a scroll of magic mapping {unknown}
 M - a scroll of blinking
Potions
 h - 3 potions of curing {unknown}
 m - a potion of degeneration
 n - 3 potions of brilliance {unknown}
 p - a potion of heal wounds
 w - a potion of haste {unknown}
 x - a potion of berserk rage {unknown}
 A - a potion of agility {unknown}
 B - a potion of might {unknown}
 I - a potion of flight {unknown}
Comestibles
 c - 13 rations


   Skills:
 + Level 7.6(7.3) Fighting
 + Level 13.8(13.5) Axes
 + Level 6.6(6.3) Armour
 - Level 2.0(1.8) Dodging


You had 10 spell levels left.
You didn't know any spells.

Dungeon Overview and Level Annotations

Branches:
Dungeon (10/15)            Temple (0/1) D:4            Lair (0/6) D:8
    Orc (0/2) D:9

Altars:
Cheibriados
Dithmenos
Gozag
Kikubaaqudgha
Makhleb
Nemelex Xobeh
Qazlal
Sif Muna
Uskayaw
Wu Jian
Xom
Yredelemnul
The Shining One
Beogh


Innate Abilities, Weirdness & Mutations

You have sharp fingernails.
You are partially covered in icy blue scales. (AC +2)
You may emit foul miasma when damaged in melee.
You sometimes gain a little power by taking damage.
You are immune to rotting.


Message History

The orc warrior barely misses you. The wight closely misses you.
You hit the wight but do no damage.
The wight is lightly damaged.
The orc warrior closely misses you.
You are near starving!
You barely miss the wight.
The wight is lightly damaged.
The wight closely misses you.
You closely miss the wight.
The wight is lightly damaged.
The orc warrior hits you from afar with a halberd!
* * * LOW HITPOINT WARNING * * *
The wight hits you but does no damage.
You closely miss the wight.
The wight is lightly damaged.
The wight hits you but does no damage.
You hit the wight. You burn the wight.
The wight is heavily damaged.
The orc warrior hits you from afar with a halberd!
You die...

...#....##.......+. #.#
...'....##..!....#.#####.#
...#....##.......#.......#
...#....##.......#.......#
...#######.......#.......#
.........')......#.......#
+##......#.......##......#
..#......#.......z#o##...#
..'.####)#......@[o.##...#
..#.# #.#........#......#
..#.# #.#........#......#
..#.####.#........#......#
..#......#........#......#
..#......#........#......#
..########........#......#
..# #........#......# ..#
........#......#


You could see an orc warrior, a wight and an orc.

Vanquished Creatures
  Erolcha (D:10)
  Harold (D:10)
  3 two-headed ogres
  Pikel (D:5)
  An ugly thing (D:10)
  A hornet (D:9)
  A hippogriff (D:9)
  A wyvern (D:10)
  6 yaks (D:10)
  A basilisk (D:8)
  A hungry ghost (D:8)
  Menkaure (D:4)
  2 soldier ants
  3 porcupines (D:8)
  2 sky beasts
  4 slaves
  An ice beast (D:8)
  5 orc warriors
  5 black bears
  3 ogres
  3 phantoms
  2 wolves
  2 centaurs
  2 crocodiles (D:8)
  2 big kobolds (D:8)
  6 bullfrogs
  A water moccasin skeleton (D:6)
  5 scorpions
  7 killer bees (D:8)
  5 wights
  2 vampire bats (D:3)
  A howler monkey (D:5)
  2 crimson imps
  3 jellies
  9 orc priests
  3 hounds
  10 orc wizards
  3 worker ants
  A hound zombie (D:7)
  A gnoll (D:1)
  2 howler monkey skeletons (D:9)
  18 adders
  5 shadow imps
  An ooze (D:3)
  2 worms (D:3)
  2 dart slugs
  8 leopard geckos
  29 orcs
  4 bat skeletons (D:3)
  3 bat zombies (D:3)
  5 giant cockroaches
  6 goblins
  3 hobgoblins
  13 jackals
  5 quokkas
  A ball python (D:2)
  6 bats
  3 frilled lizards
  11 kobolds
  8 rats
249 creatures vanquished.

Vanquished Creatures (others)
  5 fungi (D:8)
  9 plants (D:8)
14 creatures vanquished.

Grand Total: 263 creatures vanquished

Notes
Turn   | Place    | Note
-------+----------+-------------------------------------------
     0 | D:1      | Mgcat the Demonspawn Berserker began the quest for the Orb.
     0 | D:1      | Reached XP level 1. HP: 18/18 MP: 1/1
   203 | D:1      | Gained mutation: You are immune to rotting. [demonic ancestry]
   203 | D:1      | Reached XP level 2. HP: 24/24 MP: 2/2
   264 | D:1      | Reached skill level 3 in Axes
  1037 | D:1      | Gained mutation: You are partially covered in icy blue scales. (AC +2) [demonic ancestry]
  1037 | D:1      | Reached XP level 3. HP: 16/29 MP: 3/3
  2006 | D:2      | Reached skill level 4 in Axes
  2076 | D:2      | Found a sparkling altar of Nemelex Xobeh.
  2184 | D:2      | Reached ** piety under Trog
  2469 | D:2      | Reached XP level 4. HP: 28/35 MP: 4/4
  2662 | D:2      | Found a glowing golden altar of the Shining One.
  3227 | D:3      | Reached skill level 5 in Axes
  3227 | D:3      | Reached XP level 5. HP: 41/41 MP: 5/5
  3303 | D:3      | Found an ancient bone altar of Kikubaaqudgha.
  3426 | D:3      | Gained mutation: You may emit foul miasma when damaged in melee. [demonic ancestry]
  3426 | D:3      | Reached XP level 6. HP: 47/47 MP: 6/6
  3427 | D:3      | Reached skill level 6 in Axes
  3429 | D:3      | Found a roughly hewn altar of Beogh.
  3954 | D:4      | Noticed an orc warrior
  3979 | D:3      | Killed an orc warrior
  3979 | D:3      | Reached skill level 7 in Axes
  3979 | D:3      | Gained mutation: You have sharp fingernails. [demonic ancestry]
  3979 | D:3      | Reached XP level 7. HP: 52/52 MP: 7/7
  4094 | D:4      | Found a stormy altar of Qazlal.
  4136 | D:4      | Noticed Menkaure
  4150 | D:4      | Killed Menkaure
  4173 | D:4      | Reached skill level 8 in Axes
  4233 | D:4      | Found a staircase to the Ecumenical Temple.
  4431 | D:4      | Reached *** piety under Trog
  4578 | D:5      | Entered Level 5 of the Dungeon
  4578 | D:5      | Noticed Pikel
  4961 | D:5      | Killed Pikel
  4961 | D:5      | Reached skill level 9 in Axes
  4961 | D:5      | Reached XP level 8. HP: 58/58 MP: 8/8
  5131 | D:5      | Reached skill level 10 in Axes
  5234 | D:5      | Found a shimmering altar of Xom.
  5785 | D:6      | Found an opulent altar of Gozag.
  5793 | D:6      | Found a burning altar of Makhleb.
  5793 | D:6      | Noticed a balrug
  5838 | D:6      | Found a deep blue altar of Sif Muna.
  5964 | D:6      | Found a basalt altar of Yredelemnul.
  6221 | D:6      | Found a shadowy altar of Dithmenos.
  6673 | D:7      | Reached XP level 9. HP: 48/63 MP: 9/9
  6795 | D:7      | Found a snail-covered altar of Cheibriados.
  6981 | D:7      | Found an ornate altar of the Wu Jian Council.
  7019 | D:7      | Reached skill level 11 in Axes
  7515 | D:8      | Noticed a two-headed ogre
  7516 | D:8      | Noticed a two-headed ogre
  7540 | D:8      | Killed a two-headed ogre
  7546 | D:8      | Killed a two-headed ogre
  7546 | D:8      | Reached skill level 12 in Axes
  7770 | D:8      | Gained mutation: You sometimes gain a little power by taking damage. [demonic ancestry]
  7770 | D:8      | Reached XP level 10. HP: 34/70 MP: 10/10
  8050 | D:8      | Reached skill level 13 in Axes
  8322 | D:8      | Found a staircase to the Lair.
  8381 | D:8      | Found a hide-covered altar of Uskayaw.
  8470 | D:8      | Reached skill level 5 in Fighting
  8949 | D:9      | Found an ornate altar of the Wu Jian Council.
  9339 | D:9      | Reached **** piety under Trog
  9656 | D:9      | Paralysed by a hornet for 3 turns
  9688 | D:8      | Reached skill level 5 in Armour
 10092 | D:9      | Noticed a two-headed ogre
 10108 | D:9      | Killed a two-headed ogre
 10319 | D:9      | Reached XP level 11. HP: 83/83 MP: 11/11
 10698 | D:9      | Found a staircase to the Orcish Mines.
 10777 | D:10     | Entered Level 10 of the Dungeon
 11593 | D:10     | Noticed Harold
 11595 | D:10     | Noticed Erolcha
 11607 | D:10     | Killed Harold
 11627 | D:10     | HP: 4/84 [Erolcha/giant club (17)]
 11629 | D:10     | Killed Erolcha
 11860 | D:10     | Noticed a white ugly thing
 11871 | D:10     | Killed a white ugly thing
 11902 | D:10     | Slain by an orc warrior

Skill      XL: |  1  2  3  4  5  6  7  8  9 10 11 |
---------------+----------------------------------+-----
Dodging        | 2 |  2.0
Armour         | 2 5 6 |  6.6
Axes           | 3 4 5 7 9 10 12 13 | 13.8
Fighting       | 6 7 |  7.6

Action                   |  1- 3 |  4- 6 |  7- 9 | 10-12 || total
-------------------------+-------+-------+-------+-------++-------
Melee: Hand axe          |   140 |   202 |   122 |   102 ||   566
       War axe           |       |       |   192 |   310 ||   502
Invok: Berserk           |     1 |     3 |     5 |    12 ||    21
       Trog's Hand       |       |     1 |     3 |    15 ||    19
       Burn Spellbooks   |       |       |     1 |       ||     1
  Use: Scroll            |       |       |    11 |     1 ||    12
       Potion            |       |       |       |     2 ||     2
  Eat: Chunk             |     6 |     7 |    19 |    13 ||    45
       Ration            |       |       |       |     5 ||     5
Armor: Animal skin       |    30 |       |       |       ||    30
       Ring mail         |    14 |   115 |   119 |   140 ||   388
Dodge: Dodged            |   102 |   124 |   162 |   181 ||   569
